 Dungeon Crawl Stone Soup version 0.18-a0-1514-g6ed9364 (webtiles) character file.

91 dvd the Chucker (level 4, 0/45 HPs)
             Began as an Ogre Hunter on Mar 6, 2016.
             Slain by a hound (2 damage)
             ... on level 2 of the Dungeon.
             The game lasted 00:06:37 (2148 turns).

dvd the Chucker (Ogre Hunter)                       Turns: 2148, Time: 00:06:37

Health: 0/45       AC:  4    Str: 18    XL:     4   Next: 57%
Magic:  4/4        EV: 10    Int: 10    God:
Gold:   109        SH:  0    Dex: 10    Spells: 0 memorised, 3 levels left

rFire  . . .     SeeInvis +     h - +0 whip
rCold  . . .     Gourm    .     b - +0 robe
rNeg   . . .     Faith    .     (no shield)
rPois  +         Spirit   .     (helmet restricted)
rElec  .         Dismiss  .     v - +0 cloak {rPois}
rCorr  .         Reflect  .     (gloves unavailable)
SustAt .         Harm     .     (boots unavailable)
MR     .....                    (no amulet)
Stlth  +.........               (no ring)
                                n - ring of see invisible

@: not resistant to hostile enchantments, very unstealthy
A: unfitting armour, tough skin 1
a: no special abilities


You were on level 2 of the Dungeon.
You were hungry.

You visited 1 branch of the dungeon, and saw 3 of its levels.

You collected 109 gold pieces.

Inventory:

Hand Weapons
 a - a +0 short sword
 h - a +0 whip (weapon)
Missiles
 t - 93 stones (quivered)
Armour
 b - a +0 robe (worn)
 v - a +0 cloak of poison resistance (worn)
Jewellery
 n - a ring of see invisible (left hand)
 u - an uncursed ring of resist corrosion {unknown}
Scrolls
 e - a scroll of immolation {unknown}
 i - a scroll of random uselessness {unknown}
 j - 2 scrolls of teleportation {unknown}
 k - a scroll of recharging {unknown}
 m - 3 scrolls of remove curse {unknown}
 r - a scroll of identify {unknown}
Potions
 g - a potion of magic {unknown}
 l - a potion of might {unknown}
 o - a potion of agility {unknown}
 p - a potion of berserk rage {unknown}
 w - a potion of brilliance {unknown}
Comestibles
 f - 4 bread rations
 q - 2 chunks of flesh
 s - 2 meat rations


   Skills:
 + Level 3.2 Fighting
 + Level 1.3 Maces & Flails
 + Level 4.7 Throwing
 + Level 2.7 Dodging
 + Level 1.2 Stealth


You had 3 spell levels left.
You didn't know any spells.

Dungeon Overview and Level Annotations

Branches:
Dungeon (3/15)

Altars:
Ashenzari
Qazlal
Sif Muna


Innate Abilities, Weirdness & Mutations

You are too large for most types of armour.
You have tough skin (AC +1).


Message History

You closely miss the hound.
The hound is moderately wounded.
The hound barely misses you. The hound bites you.
* * * LOW HITPOINT WARNING * * *
You hit the hound but do no damage.
The hound is moderately wounded.
The hound bites you.
* * * LOW HITPOINT WARNING * * *
You hit the hound.
The hound is moderately wounded.
The hound bites you.
* * * LOW HITPOINT WARNING * * *
The hound bites you but does no damage.
Drink which item? (? for menu, Esc to quit)
Okay, then.
Unknown command.
You barely miss the hound.
The hound is moderately wounded.
The hound bites you.
You die...

######## #......#
#.####### #.#
##_## #.# 8...8#
#.##.....#
#.#8.....8#
#@##.....## ######
#h##8.(.8#
.....###########.#
.................#
#
#....#######..>..#
# #..).## #######
######## #.##.[##
## #.....#.
#.###†.#
#######.###... #.#
##.# ####
#......##..#.


You could see a hound.

Vanquished Creatures
  Robin (D:2)
  An adder (D:2)
  3 dart slugs (D:1)
  2 orcs (D:3)
  2 bats (D:1)
  10 hobgoblins
  7 jackals (D:1)
  A quokka (D:1)
  A giant newt (D:1)
  13 goblins
  10 kobolds
  6 rats (D:1)
57 creatures vanquished.

Vanquished Creatures (others)
  5 toadstools (D:1)
5 creatures vanquished.

Grand Total: 62 creatures vanquished

Notes
Turn   | Place    | Note
--------------------------------------------------------------
     0 | D:1      | dvd the Ogre Hunter began the quest for the Orb.
     0 | D:1      | Reached XP level 1. HP: 22/22 MP: 1/1
   269 | D:1      | Reached XP level 2. HP: 29/29 MP: 2/2
   565 | D:1      | Reached XP level 3. HP: 36/36 MP: 3/3
   689 | D:1      | Reached skill level 1 in Stealth
  1275 | D:2      | Found a shattered altar of Ashenzari.
  1294 | D:2      | Found a stormy altar of Qazlal.
  1349 | D:2      | Reached skill level 1 in Maces & Flails
  1499 | D:2      | Noticed Robin
  1532 | D:2      | Reached XP level 4. HP: 12/45 MP: 4/4
  2043 | D:2      | Killed Robin
  2082 | D:2      | Found a deep blue altar of Sif Muna.
  2147 | D:2      | HP: 2/45 [hound (4)]
  2148 | D:2      | Slain by a hound

Vault maps used:
D:1:      ldierk_walled_garden, hex_medium, hangedman_decor_riveting
D:2:      nicolae_overflow_hidden_temple, old_standard_altar,
          grunt_qazlal_sundering, uniq_robin
D:3:      nemelex_xobeh_ov_fountains_minmay, makhleb_heckhound_becter,
          uniq_sigmund, uniq_crazy_yiuf_cottage

Skill      XL: |  1  2  3 |
---------------+----------+-----
Dodging        | 2 |  2.7
Fighting       | 3 |  3.2
Stealth        | 1 |  1.2
Maces & Flails | 1 |  1.3
Throwing       | |  4.7

Action                   |  1- 3 |  4- 6 || total
-------------------------+-------+-------++-------
Melee: Whip              |   105 |    56 ||   161
       Short sword       |     3 |       ||     3
Throw: Large rock        |    36 |    10 ||    46
       Throwing net      |     1 |     1 ||     2
       Stone             |       |     1 ||     1
 Stab: Distracted        |     1 |       ||     1
  Eat: Chunk             |     2 |       ||     2
       Pizza             |       |     1 ||     1
